 Dungeon Crawl Stone Soup version 0.31-a0-1338-gb567cfdca4 (webtiles) character file.

Game seed: 8325364291935053049

53 Darkkill the Shooter (level 3, 0/31 HPs)
             Began as a Minotaur Hunter on Dec 22, 2023.
             Slain by an orc wizard
             ... wielding a +0 dagger
              (2 damage)
             ... on level 3 of the Dungeon.
             The game lasted 00:02:57 (2228 turns).

Darkkill the Shooter (Minotaur Hunter)              Turns: 2228, Time: 00:02:57

Health: 0/31       AC:  3    Str: 15    XL:     3   Next: 62%
Magic:  2/2        EV: 12    Int:  6    God:
Gold:   74         SH:  0    Dex: 15    Spells: 2/2 levels left

rFire   . . .        a - +1 shortbow
rCold   . . .        (shield currently unavailable)
rNeg    . . .        c - +0 leather armour
rPois   .            (helmet restricted)
rElec   .            (no cloak)
rCorr   .            (no gloves)
SInv    .            (no boots)
Will    .....        (no amulet)
Stlth   +            (no ring)
HPRegen 0.25/turn    (no ring)
MPRegen 0.08/turn

%: no passive effects
@: confused
A: horns 2, retaliatory headbutt
a: no special abilities


You were on level 3 of the Dungeon.
You visited 1 branch of the dungeon, and saw 3 of its levels.

You collected 95 gold pieces.
You spent 21 gold pieces at shops.

Inventory:

Hand Weapons
 a - a +1 shortbow (weapon)
Missiles
 d - 24 stones
 e - a throwing net {=f !f}
 f - 6 poisoned darts
 h - 6 boomerangs
Armour
 c - a +0 leather armour (worn)
Wands
 j - a wand of paralysis (11)
Scrolls
 b - a scroll of butterflies
 i - a scroll of poison
 k - a scroll of identify {@r1}
 l - a scroll of fog
Potions
 g - a potion of degeneration


   Skills:
 + Level 3.2 Fighting
 + Level 4.8 Ranged Weapons
 + Level 2.8 Dodging
 + Level 1.6 Stealth


You had 2 spell levels left.
You didn't know any spells.
Your spell library was empty.

Dungeon Overview and Level Annotations

Branches:
Dungeon (3/15)

Altars:

Shops:
D:3 =*


Innate Abilities, Weirdness & Mutations

You have a pair of horns on your head.
You reflexively headbutt those who attack you in melee.


Message History

You shoot an arrow.
The arrow closely misses the ball python.
A ball python is nearby!
A ball python is nearby!
You shoot an arrow.
The arrow closely misses the ball python.
A ball python is nearby!
You shoot an arrow. The arrow hits the ball python.
You kill the ball python!
No target in view!
Found a stone staircase leading down.
No target in view!
You now have 74 gold pieces (gained 10).
An orc comes into view. It is wielding a +0 flail.
An orc is nearby!
You shoot an arrow. The orc shouts!
The arrow hits the orc.
The orc is moderately wounded.
An orc comes into view. It is wielding a +0 whip.
There are monsters nearby!
You shoot an arrow. The orc shouts!
The arrow hits the orc.
The orc is almost dead.
There are monsters nearby!
You shoot an arrow. The arrow hits the orc.
You kill the orc!
An orc is nearby!
You shoot an arrow. The arrow barely misses the orc.
An orc is nearby!
You shoot an arrow. The arrow barely misses the orc.
An orc is nearby!
You shoot an arrow. The arrow hits the orc!
You kill the orc!
An orc wizard comes into view. It is wielding a +0 dagger.
You shoot an arrow. The arrow barely misses the orc wizard.
The orc wizard shouts!
An orc wizard is nearby!
You shoot an arrow. The arrow misses the orc wizard.
The orc wizard gestures at you while chanting.
The magic dart hits you!
An orc wizard is nearby!
You shoot an arrow.
The arrow closely misses the orc wizard.
An orc wizard is nearby!
You shoot an arrow. The arrow hits the orc wizard.
The orc wizard is heavily wounded.
The orc wizard casts a spell at you. The puff of flame misses you.
An orc wizard is nearby!
You shoot an arrow.
The arrow closely misses the orc wizard.
An orc wizard is nearby!
You shoot an arrow. The arrow hits the orc wizard.
The orc wizard is severely wounded.
You shoot an arrow. The arrow hits the orc wizard.
The orc wizard is almost dead.
The orc wizard points at you and mumbles some strange words.
The magic dart hits you.
The orc wizard gestures at you while chanting.
You are confused.
You shoot an arrow.
The orc wizard hits you with a +0 dagger.
An orc wizard is nearby!
You shoot an arrow.
The arrow hits the orc wizard but does no damage.
The orc wizard is almost dead.
The orc wizard hits you with a +0 dagger.
An orc wizard is nearby!
You shoot an arrow.
The orc wizard hits you with a +0 dagger.
You bump into the rock wall.
The orc wizard points at you and mumbles some strange words.
You resist with significant effort.
You bump into the rock wall.
You feel less confused. The orc wizard closely misses you.
The orc wizard hits you with a +0 dagger.
You shoot an arrow.
The arrow closely misses the orc wizard.
The orc wizard casts a spell at you.
You are confused.
The orc wizard hits you with a +0 dagger.
* * * LOW HITPOINT WARNING * * *
You bump into the rock wall.
The orc wizard casts a spell at you. The puff of flame hits you.
* * * LOW HITPOINT WARNING * * *
You barely miss the orc wizard.
The orc wizard is almost dead.
The orc wizard gestures at you while chanting.
You are more confused.
Found a stone staircase leading down.
The orc wizard hits you with a +0 dagger.
* * * LOW HITPOINT WARNING * * *
You miss the orc wizard.
The orc wizard is almost dead.
The orc wizard hits you with a +0 dagger.
You die...

....######.#+#......#...#,,,*,,,*
###∩######.......)..#..#*,,,*,,,*
###'######....).÷.##..#,,***,***,
#..)..........).##....#,,,,,,,,,,
#............##.####..#,,*,*,,*,,
#.........÷..##.# ####,**,*,,*,,
#............##.## *,**,*,,*,,
#............##.o#### *,**,****,,
###'######'#.###@...# *,**,,,,,,,
#.# #.#.# #....# *,*********
###.# #.#.# #....#**,*,,,,,,,,
....# #.#.# ####...*,*,**,,,,,
##########.#.# *##..>,,,,,,,*,
...........#.# *###*,*<,,,*,
############.#***********,**,,,*,
*,,*,,,,,,,,,,,,,,,,,,,*,
*,,**,,,,,,,,****,**,*,*,


You could see an orc wizard.

Vanquished Creatures
  An adder (D:3)
  A worm (D:2)
  2 dart slugs (D:1)
  3 orcs (D:3)
  A bat (D:1)
  2 giant cockroaches (D:1)
  4 goblins
  A hobgoblin (D:3)
  3 jackals (D:1)
  3 kobolds
  A quokka (D:2)
  6 ball pythons
  3 frilled lizards
  A rat (D:1)
32 creatures vanquished.

Notes
Turn   | Place    | Note
-------+----------+-------------------------------------------
     0 | D:1      | Darkkill the Minotaur Hunter began the quest for the Orb.
     0 | D:1      | Reached XP level 1. HP: 18/18 MP: 0/0
   107 | D:1      | Reached skill level 1 in Stealth
   256 | D:1      | Reached XP level 2. HP: 25/25 MP: 1/1
  1412 | D:2      | Reached XP level 3. HP: 26/31 MP: 2/2
  1960 | D:3      | Found Nex Bur's Assorted Antiques.
  1969 | D:3      | Bought a scroll labelled IPSEEPEGHE for 21 gold pieces
  2118 | D:3      | Found Saumnu's One-of-a-Kind Rings.
  2225 | D:3      | HP: 3/31 [orc wizard/puff of flame (6)]
  2228 | D:3      | Slain by an orc wizard

Illustrated notes

Levels and vault maps discovered:
D:1:      wheals_arrival_linesprint, layout_loops_cross, serial_aquarium,
          aquarium_bridge_straight [aquarium_subvault_bridge,
          aquarium_subvault_balcony, aquarium_subvault_bridge,
          aquarium_subvault_window], aquarium_window_1, aquarium_window_fake,
          aquarium_window_fake, aquarium_view_2c, aquarium_view_2d,
          aquarium_balcony_5b, minmay_bisected
D:2:      layout_basic
D:3:      layout_basic, serial_shops, shop, chequers_serial_rivers_micro_d,
          nicolae_shop_unique_rings, serial_bayou_pond_c, nicolae_titane

Skill      XL: |  1  2 |
---------------+-------+-----
Stealth        | 1 |  1.6
Fighting       | 3 |  3.2
Ranged Weapons | |  4.8
Dodging        | |  2.8

Action                     || total
---------------------------++-------
  Melee: Shortbow          ||     2
   Fire: Shortbow          ||    97
    Use: Scroll            ||     8
 Armour: Leather armour    ||    19
  Dodge: Dodged            ||    12

Table legend: (Time is in decaauts)
 A = Elapsed time spent in this place.
 B = Non-inter-level travel time spent in this place.
 C = Inter-level travel time spent in this place.
 D = Time resting spent in this place.
 E = Time spent auto-exploring this place.
 F = Levels seen in this place.
 G = Mean time per level.
                   A        B        C        D        E       F      G
               +--------+--------+--------+--------+--------+-----+--------+
         Total |   2246 |   2029 |    217 |    100 |   1730 |   3 |  748.7 |
       Dungeon |   2246 |   2029 |    217 |    100 |   1730 |   3 |  748.7 |
               +--------+--------+--------+--------+--------+-----+--------+

Top non-repeatable levels by time:
     D:1: 1072 daAuts
     D:2: 886 daAuts
     D:3: 288 daAuts

Levels and vault maps discovered:
D:1:      wheals_arrival_linesprint, layout_loops_cross, serial_aquarium,
          aquarium_bridge_straight [aquarium_subvault_bridge,
          aquarium_subvault_balcony, aquarium_subvault_bridge,
          aquarium_subvault_window], aquarium_window_1, aquarium_window_fake,
          aquarium_window_fake, aquarium_view_2c, aquarium_view_2d,
          aquarium_balcony_5b, minmay_bisected
D:2:      layout_basic
D:3:      layout_basic, serial_shops, shop, chequers_serial_rivers_micro_d,
          nicolae_shop_unique_rings, serial_bayou_pond_c, nicolae_titane

Table legend: (Time is in decaauts)
 A = Elapsed time spent in this place.
 B = Non-inter-level travel time spent in this place.
 C = Inter-level travel time spent in this place.
 D = Time resting spent in this place.
 E = Time spent auto-exploring this place.
 F = Levels seen in this place.
 G = Mean time per level.
                   A        B        C        D        E       F      G
               +--------+--------+--------+--------+--------+-----+--------+
         Total |   2246 |   2029 |    217 |    100 |   1730 |   3 |  748.7 |
       Dungeon |   2246 |   2029 |    217 |    100 |   1730 |   3 |  748.7 |
               +--------+--------+--------+--------+--------+-----+--------+

Top non-repeatable levels by time:
     D:1: 1072 daAuts
     D:2: 886 daAuts
     D:3: 288 daAuts

Table legend:
 A = Kills in this place as a percentage of kills in the entire game.
 B = Kills by you in this place as a percentage of kills by you in the entire game.
 C = Kills by friends in this place as a percentage of kills by friends in the entire game.
 D = Other kills in this place as a percentage of other kills in the entire game.
 E = Experience gained in this place as a percentage of experience gained in the entire game.
 F = Experience gained in this place divided by the number of levels of this place that you have seen.
                   A       B       C       D       E      F
               +-------+-------+-------+-------+-------+----------------------
         Total | 100.0 | 100.0 |   N/A |   N/A | 100.0 |  25.3
       Dungeon | 100.0 | 100.0 |   N/A |   N/A | 100.0 |  25.3
               +-------+-------+-------+-------+-------+----------------------
